 Dungeon Crawl Stone Soup version 0.27.1-16-g815e20cd7a (webtiles) character file.

Game seed: 12331735401786176514

28 Descartes the Grasshopper (level 3, 0/16 HPs)
             Began as a Felid Warper on Nov 23, 2021.
             Slain by a kobold (3 damage)
             ... on level 1 of the Dungeon.
             The game lasted 00:04:11 (2042 turns).

Descartes the Grasshopper (Felid Warper)            Turns: 2042, Time: 00:04:12

Health: 0/16       AC:  1    Str:  8    XL:     3   Next: 0%
Magic:  7/7        EV: 18    Int: 14    God:
Gold:   33         SH:  0    Dex: 15    Spells: 6/6 levels left
                                        Lives:  0   Deaths: 0

rFire    . . .     SeeInvis +     - Unarmed
rCold    . . .     Faith    .   (shield unavailable)
rNeg     . . .     Spirit   .   (armour unavailable)
rPois    .         Reflect  .   (helmet unavailable)
rElec    .         Harm     .   (cloak unavailable)
rCorr    .         Rampage  .   (gloves unavailable)
Will     .....                  (boots unavailable)
Stlth    +.........             (no amulet)
HPRegen  0.05/turn              (no ring)
MPRegen  0.10/turn              (no ring)

@: quick
A: very small, claws 1, fangs 3, see invisible, speed 1, shaggy fur 1, stealthy
paws, no weapons or thrown items, no armour, multi-lived
a: no special abilities


You were on level 1 of the Dungeon.
You visited 1 branch of the dungeon, and saw 2 of its levels.

You collected 33 gold pieces.

Inventory:

Scrolls
 a - a scroll of blinking


   Skills:
 - Level 2.0 Fighting
 * Level 4.2 Dodging
 + Level 2.4 Unarmed Combat
 - Level 2.0 Spellcasting
 + Level 4.9 Translocations


You had 6 spell levels left.
You didn't know any spells.
Your spell library contained the following spells:

 Spells                   Type           Power      Damage    Failure   Level
 Blink                    Tloc           N/A        N/A       4%          2
 Gell's Gravitas          Tloc           7%         N/A       10%         3
 Lesser Beckoning         Tloc           7%         N/A       10%         3
 Teleport Other           Tloc           15%        N/A       10%         3
 Manifold Assault         Tloc           15%        N/A       65%         5


Dungeon Overview and Level Annotations

Branches:
Dungeon (2/15)

Altars:


Innate Abilities, Weirdness & Mutations

You have sharp claws.
You have razor-sharp teeth.
You have supernaturally acute eyesight. (SInv)
You cover ground quickly. (Speed+)
You are covered in fur. (AC +1)
Your paws help you pounce on unaware monsters.
You are incapable of wielding weapons or throwing items.
You cannot wear armour.
You gain extra lives every three experience levels.


Message History

You closely miss the ball python. The ball python barely misses you.
The ball python constricts you. The kobold closely misses you.
The kobold misses you.
You are too injured to fight recklessly!
You escape the ball python's grasp.
There is a stone staircase leading up here.
The ball python misses you. The ball python completely misses you.
The kobold hits you with a +1 dagger of speed.
You climb upwards.
There is a stone staircase leading down here.
There is an open door here.
A ball python is nearby!
A ball python is nearby!
You closely miss the ball python. The ball python closely misses you. x2
You barely miss the ball python. The ball python barely misses you.
The ball python grabs you. The ball python constricts you.
You scratch the ball python.
You kill the ball python!
You have reached level 3!
Your experience leads to an increase in your attributes!
Increase (S)trength, (I)ntelligence, or (D)exterity?
You feel stronger.
A kobold is nearby!
The kobold completely misses you.
You scratch the kobold but do no damage.
The kobold is moderately wounded.
The kobold hits you with a +1 dagger of speed.
* * * LOW HITPOINT WARNING * * *
You closely miss the kobold.
The kobold is moderately wounded.
The kobold hits you with a +1 dagger of speed.
* * * LOW HITPOINT WARNING * * *
The kobold barely misses you.
You closely miss the kobold.
The kobold is moderately wounded.
The kobold closely misses you.
You closely miss the kobold. Your bite misses the kobold.
The kobold is moderately wounded.
The kobold hits you with a +1 dagger of speed.
You die...

#################################
................@K..............#
#############################....
.................[........S......
####...######.....########.#.....
####.#.# #...........##.#.....
.......######....S......##.#.##'#
........................##.#.##.#
.................................
...##.##...........#'#####.#....#


You could see a kobold.

Vanquished Creatures
  A dart slug (D:1)
  A bat (D:1)
  3 endoplasms (D:1)
  4 hobgoblins (D:1)
  A kobold (D:1)
  A quokka (D:1)
  4 ball pythons (D:1)
  7 frilled lizards (D:1)
  2 goblins (D:1)
  3 rats (D:1)
27 creatures vanquished.

Vanquished Creatures (others)
  4 plants (D:1)
4 creatures vanquished.

Grand Total: 31 creatures vanquished

Notes
Turn   | Place    | Note
-------+----------+-------------------------------------------
     0 | D:1      | Descartes the Felid Warper began the quest for the Orb.
     0 | D:1      | Reached XP level 1. HP: 9/9 MP: 4/4
     2 | D:1      | Noticed a merfolk
     2 | D:1      | Noticed a vine stalker
     4 | D:1      | Noticed a human
     6 | D:1      | Noticed a dwarf
     6 | D:1      | Noticed a spriggan
     8 | D:1      | Noticed a tengu
     8 | D:1      | Noticed a gargoyle
    10 | D:1      | Noticed a vampire
    10 | D:1      | Noticed an elf
    12 | D:1      | Noticed a felid
    12 | D:1      | Noticed a demigod
    14 | D:1      | Noticed a troll
    14 | D:1      | Noticed a demonspawn
    16 | D:1      | Noticed an octopode
    16 | D:1      | Noticed a draconian
    18 | D:1      | Noticed an ogre
    18 | D:1      | Noticed a minotaur
    20 | D:1      | Noticed a formicid
    22 | D:1      | Noticed a palentonga
    22 | D:1      | Noticed a barachi
    24 | D:1      | Noticed a naga
    24 | D:1      | Noticed a ghoul
    26 | D:1      | Noticed a djinni
   367 | D:1      | Reached XP level 2. HP: 9/13 MP: 6/6
  1565 | D:1      | Found a faded altar of an unknown god.
  2034 | D:1      | Reached XP level 3. HP: 7/16 MP: 7/7
  2042 | D:1      | Slain by a kobold

Illustrated notes

Levels and vault maps discovered:
D:1:      kb_arrival_jail, layout_basic, shapermc_ecumenical_altar_petra,
          minmay_lizard_king
D:2:      layout_loops_ring, grunt_ministairs_5, minmay_between, uniq_natasha

Skill      XL: |  1  2 |
---------------+-------+-----
Dodging        | 4 |  4.2
Fighting       | |  2.0
Unarmed Combat | |  2.4
Spellcasting   | |  2.0
Translocations | |  4.9

Action                   || total
-------------------------++-------
Melee: Unarmed           ||    84
       Bite              ||     3
       Punch             ||     1
 Stab: Sleeping          ||     2
Dodge: Dodged            ||    75
